 Dungeon Crawl Stone Soup version 0.30-b1-2-g02819fbbbe (webtiles) character file.

Game seed: 1623657666801160485

48988 Arcadio the Warrior (level 14, -2/210 HPs)
             Began as a Minotaur Berserker on May 8, 2023.
             Was a High Priest of Trog.
             Slain by a snapping turtle (14 damage)
             ... on level 5 of the Lair of Beasts.
             The game lasted 00:37:07 (12930 turns).

Arcadio the Warrior (Minotaur Berserker)           Turns: 12930, Time: 00:37:08

Health: -2/210     AC: 21    Str: 32    XL:     14   Next: 14%
Magic:  13/13      EV: 10    Int:  4    God:    Trog [*****.]
Gold:   766        SH:  0    Dex: 11    Spells: 13/13 levels left

rFire   . . .        r - +0 eveningstar
rCold   . . .        (no shield)
rNeg    . . .        i - +0 chain mail
rPois   +            (helmet restricted)
rElec   .            v - +0 cloak
rCorr   .            U - +2 pair of gloves
SInv    .            V - +0 pair of boots
Will    +++..        t - amulet of regeneration Stlth
                     S - +6 ring of strength
HPRegen 2.35/turn    Z - ring of poison resistance
MPRegen 0.13/turn

%: no passive effects
@: berserking, strong-willed, regenerating, quick
A: horns 2, retaliatory headbutt
a: Renounce Religion, Berserk, Trog's Hand, Brothers in Arms


You were on level 5 of the Lair of Beasts.
You worshipped Trog.
Trog was extremely pleased with you.
You visited 3 branches of the dungeon, and saw 16 of its levels.

You collected 1126 gold pieces.
You spent 360 gold pieces at shops.

Inventory:

Hand Weapons
 r - a +0 eveningstar (weapon)
 W - the +7 mace "Fihuavod" {elec, Will++ rCorr Int+5}
   (You found it on level 1 of the Lair of Beasts)

   Int:       It affects your intelligence (+5).
   rCorr:     It protects you from acid and corrosion.
   Will:      It greatly increases your willpower.
Missiles
 I - 2 throwing nets (quivered)
Armour
 i - a +0 chain mail (worn)
 v - a +0 cloak (worn)
 O - the +0 leather armour of the Desolation of Salt {Fly rF- rN++ Will+}
   (You found it on level 8 of the Dungeon)

   rF:        It makes you vulnerable to fire.
   rN:        It greatly protects you from negative energy.
   Fly:       It grants you flight.
   Will:      It increases your willpower.
 P - the +1 leather armour of Suunatz {rPois rF+}
   (You found it on level 8 of the Dungeon)

   rF:        It protects you from fire.
   rPois:     It protects you from poison.
 U - a +2 pair of gloves (worn)
 V - a +0 pair of boots (worn)
Jewellery
 l - a ring of protection from fire
 p - a ring of flight
 t - an amulet of regeneration (around neck)
 C - a ring of resist corrosion
 F - a +5 ring of evasion
 S - a +6 ring of strength (left hand)
 Z - a ring of poison resistance (right hand)
Wands
 a - a wand of mindburst (8)
 q - a wand of roots (15)
 x - a wand of flame (28)
 z - a wand of quicksilver (11)
 E - a wand of digging (9)
 H - a wand of paralysis (22)
 Y - a wand of polymorph (1)
Scrolls
 c - 7 scrolls of magic mapping {unknown}
 e - 5 scrolls of enchant armour {unknown}
 f - 12 scrolls of identify {unknown}
 g - 3 scrolls of silence {unknown}
 k - 2 scrolls of vulnerability {unknown}
 n - 4 scrolls of noise {unknown}
 u - 3 scrolls of immolation {unknown}
 y - a scroll of poison {unknown}
 A - 6 scrolls of teleportation {unknown}
 J - 2 scrolls of brand weapon {unknown}
 K - a scroll of torment {unknown}
 M - 3 scrolls of enchant weapon {unknown}
 N - 3 scrolls of acquirement {unknown}
 Q - 2 scrolls of fear {unknown}
 R - a scroll of amnesia {unknown}
Potions
 d - 4 potions of flight {unknown}
 h - 9 potions of curing {unknown}
 j - 3 potions of brilliance {unknown}
 m - 2 potions of might {unknown}
 o - a potion of cancellation {unknown}
 s - 2 potions of magic {unknown}
 w - 3 potions of attraction {unknown}
 D - 3 potions of lignification {unknown}
 L - 2 potions of haste {unknown}
 X - a potion of invisibility


   Skills:
 + Level 17.3 Fighting
 - Level 4.5(11.8) Axes
 + Level 16.7(17.0) Maces & Flails
 + Level 17.1 Armour
 - Level 2.3 Dodging


You had 13 spell levels left.
You didn't know any spells.
Your spell library was empty.

Dungeon Overview and Level Annotations

Branches:
Dungeon (10/15) Zot: 26643  Temple (1/1) D:7 Zot: 5938    Lair (5/5) D:10 Zot: 25398
  Swamp (0/4) Lair:3       Spider (0/4) Lair:3          Orc (0/2) D:9
  Slime: Lair:4-5

Altars:
Ashenzari
Cheibriados
Dithmenos
Elyvilon
Fedhas
Gozag
Hepliaklqana
Kikubaaqudgha
Makhleb
Nemelex Xobeh
Okawaru
Qazlal
Ru
Sif Muna
Trog
Uskayaw
Vehumet
Wu Jian
Xom
Yredelemnul
Zin
The Shining One

Shops:
D:6 =?   D:7 (:**

Annotations:
Lair:4 exclusion: oklob plant
Lair:5 exclusion: oklob plant


Innate Abilities, Weirdness & Mutations

You have a pair of horns on your head.
You reflexively headbutt those who attack you in melee.


Message History

Your iron troll claws the merfolk avatar!
Your iron troll claws the merfolk avatar.
The merfolk avatar chants its luring song.
The snapping turtle bites you from afar!
You catch the helpless merfolk avatar completely off-guard!
You sock the merfolk avatar!
The merfolk avatar is severely wounded.
The blink frog hits you.
* * * LOW HITPOINT WARNING * * *
The polar bear misses you.
The polar bear claws you but does no damage.
The polar bear misses you.
You bludgeon the merfolk avatar!!
You are no longer entranced.
You kill the merfolk avatar!
Trog accepts your kill.
Trog appreciates your killing of a magic user.
The blink frog hits you.
* * * LOW HITPOINT WARNING * * *
The snapping turtle bites you from afar!
* * * LOW HITPOINT WARNING * * *
A red film seems to cover your vision as you go berserk!
You feel yourself moving faster!
You feel mighty!
The blink frog hits you but does no damage.
The polar bear bites you but does no damage.
The polar bear barely misses you. The polar bear closely misses you.
Your iron troll bites the blink frog!!
The blink frog dies!
Trog accepts your kill.
The snapping turtle bites you from afar!
* * * LOW HITPOINT WARNING * * *
You closely miss the polar bear.
The polar bear bites you but does no damage.
The polar bear claws you.
* * * LOW HITPOINT WARNING * * *
The polar bear claws you but does no damage.
You impale the polar bear!!
The polar bear is heavily wounded.
The snapping turtle bites you from afar!
You die...

# # #P~#.~P~.~#~. #~~~#~~#~.~#.~#
~ ~~$~~.~#~~P# ~ ~~~~~~~~~#
#~#~~#~~~.~ #####~##~~~#~#
#.##..~~†Tht~# ##.#~.~~~~@~PP#
##....P~##†#~~.#
#####......~~#~#################
##.##.......~~~~~~~~~~~~.~~~~~~~~
.............P~~~~~~~~~~~~~~~~~~~
#...........~~#~P##~~##~~~~..~~~~
........#...~##.~~~~~#~~~P#~~##~~
..#.##.####~~~~~.~~.~.~~~..~~~.~.
..###### #~..P~#..#...........~#


You could see a snapping turtle, a polar bear (ally target) and a friendly iron
troll (summoned, berserk).

Vanquished Creatures
  6 hydras
  Fannar (Lair:1)
  A merfolk avatar (Lair:5)
  A catoblepas (Lair:3)
  2 two-headed ogres
  A centaur warrior (D:9)
  3 boulder beetles
  6 death yaks (Lair:2)
  Nergalle (Lair:3)
  3 skysharks
  A sea snake (Lair:4)
  Pikel (D:4)
  2 ugly things
  A cyclops (D:9)
  4 elephants
  3 black mambas
  Joseph (D:7)
  10 cane toads
  Maggie (D:7)
  An efreet (D:9)
  10 komodo dragons
  A meliai (shapeshifter) (D:9)
  4 polar bears
  2 hornets (D:8)
  3 trolls
  4 blink frogs (Lair:5)
  6 dream sheep (Lair:4)
  A jumping spider (Lair:3)
  4 shadows
  A vampire (D:10)
  57 yaks
  A wraith (D:7)
  9 wyverns
  3 basilisks
  2 steam dragons
  A redback (Lair:3)
  Menkaure (D:6)
  13 water moccasins
  A swamp drake (Lair:3)
  11 black bears
  An orc warrior (D:6)
  4 ice beasts
  2 sky beasts (D:6)
  3 wolves (Lair:2)
  8 centaurs
  A lemure (D:3)
  6 kobold brigands
  2 phantoms (D:9)
  Blork the orc (D:4)
  18 bullfrogs
  3 scorpions
  A gnoll sergeant (D:7)
  13 wights
  3 troll zombies (D:9)
  5 killer bees
  A howler monkey (D:7)
  6 orc priests
  6 hounds
  A jelly (D:5)
  Ijyb (D:4)
  A sleepcap (D:8)
  5 iguanas
  2 gnoll boudas
  5 orc wizards
  5 ogre zombies (D:9)
  Robin (D:3)
  13 gnolls
  7 adders
  4 white imps
  3 worms
  21 orcs
  8 endoplasms
  4 giant cockroaches
  11 goblins
  11 hobgoblins
  25 kobolds
  4 quokkas
  A ball python (D:4)
  A bat (D:3)
  4 frilled lizards
  2 goblin skeletons (D:9)
  A goblin zombie (D:9)
  A hobgoblin skeleton (D:9)
  2 hobgoblin zombies (D:9)
  4 orc skeletons (D:9)
  15 orc zombies (D:9)
  5 rats
437 creatures vanquished.

Vanquished Creatures (collateral kills)
  2 polar bears (Lair:5)
  A wind drake (Lair:5)
  A blink frog (Lair:5)
4 creatures vanquished.

Vanquished Creatures (others)
  24 fungi
  42 plants
66 creatures vanquished.

Grand Total: 507 creatures vanquished

Notes
Turn   | Place    | Note
-------+----------+-------------------------------------------
     0 | D:1      | Arcadio the Minotaur Berserker began the quest for the Orb.
     0 | D:1      | Reached XP level 1. HP: 19/19 MP: 0/0
   221 | D:1      | Reached XP level 2. HP: 27/27 MP: 1/1
   899 | D:2      | Reached XP level 3. HP: 17/33 MP: 2/2
   900 | D:2      | Reached ** piety under Trog
  1284 | D:3      | Found a stormy altar of Qazlal.
  1330 | D:3      | Noticed Robin
  1351 | D:3      | Killed Robin
  1352 | D:3      | Reached XP level 4. HP: 30/41 MP: 3/3
  1594 | D:3      | Found a radiant altar of Vehumet.
  2036 | D:4      | Reached skill level 1 in Maces & Flails
  2178 | D:4      | Noticed Pikel
  2178 | D:4      | Noticed a lemure
  2178 | D:4      | Noticed a lemure
  2179 | D:4      | Noticed a lemure
  2180 | D:4      | Noticed a lemure
  2190 | D:3      | Killed a lemure
  2216 | D:4      | Noticed Ijyb
  2224 | D:4      | Killed Ijyb
  2225 | D:4      | Reached skill level 5 in Fighting
  2225 | D:4      | Reached XP level 5. HP: 30/48 MP: 4/4
  2577 | D:4      | Noticed Blork the orc
  2578 | D:4      | Killed Pikel
  2579 | D:4      | Reached skill level 5 in Armour
  2579 | D:4      | Reached XP level 6. HP: 58/58 MP: 5/5
  2579 | D:4      | Reached XP level 7. HP: 64/64 MP: 6/6
  2597 | D:4      | Killed Blork the orc
  2871 | D:5      | Entered Level 5 of the Dungeon
  2899 | D:5      | Reached skill level 5 in Maces & Flails
  2901 | D:5      | Reached *** piety under Trog
  2919 | D:5      | Found an ornate altar of the Wu Jian Council.
  2960 | D:5      | Found a glowing golden altar of the Shining One.
  2964 | D:5      | Found a burning altar of Makhleb.
  2964 | D:5      | Found a sacrificial altar of Ru.
  2973 | D:5      | Reached XP level 8. HP: 70/73 MP: 7/7
  3289 | D:6      | Noticed Menkaure
  3296 | D:6      | Killed Menkaure
  3710 | D:6      | Reached XP level 9. HP: 82/82 MP: 8/8
  3714 | D:6      | Found Ylanue's Magic Scroll Boutique.
  4195 | D:6      | Found Tumadeeg's Jewellery Emporium.
  4379 | D:7      | Found an opulent altar of Gozag.
  4379 | D:7      | Found a sparkling altar of Nemelex Xobeh.
  4425 | D:7      | Found a hazy altar of Hepliaklqana.
  4425 | D:7      | Found a shadowy altar of Dithmenos.
  4436 | D:7      | Found Anysez's Book Shoppe.
  4477 | D:7      | Reached **** piety under Trog
  4477 | D:7      | Noticed Maggie
  4503 | D:7      | Killed Maggie
  4504 | D:7      | Reached skill level 10 in Fighting
  4512 | D:7      | Found Wiugruf's Assorted Antiques.
  4577 | D:7      | Found Doinauny's General Store.
  4717 | D:7      | Found a staircase to the Ecumenical Temple.
  4726 | Temple   | Entered the Ecumenical Temple
  4876 | D:7      | Noticed Joseph
  4899 | D:7      | Paralysed by Joseph for 2 turns
  4906 | D:7      | Killed Joseph
  4907 | D:7      | Reached skill level 10 in Armour
  4968 | D:7      | Found Kivvem's Antique Weapon Boutique.
  5010 | D:7      | Noticed a boulder beetle
  5029 | D:7      | Reached XP level 10. HP: 94/94 MP: 9/9
  5073 | D:7      | Killed a boulder beetle
  5074 | D:7      | Reached skill level 10 in Maces & Flails
  5900 | D:8      | Found a bloodstained altar of Trog.
  5985 | D:8      | Noticed a white ugly thing
  5995 | D:8      | Killed a white ugly thing
  6010 | D:8      | Noticed a two-headed ogre
  6039 | D:8      | Reached XP level 11. HP: 100/104 MP: 10/10
  6131 | D:8      | Paralysed by a kobold brigand for 5 turns
  6140 | D:8      | Killed a two-headed ogre
  6141 | D:8      | Noticed a boulder beetle
  6216 | D:8      | Killed a boulder beetle
  6274 | D:8      | Identified the +1 leather armour of Suunatz {rPois rF+}
  6281 | D:8      | Identified the +0 leather armour of the Desolation of Salt
                  | {Fly rF- rN++ Will+}
  6421 | D:8      | Identified the +8 dagger of the Beast {flame, +Blink Dex+4}
  6695 | D:6      | Bought a +6 ring of strength for 360 gold pieces
  6945 | D:9      | Found a glowing silver altar of Zin.
  7011 | D:9      | Reached ***** piety under Trog
  7355 | D:9      | Noticed a centaur warrior
  7365 | D:9      | Killed a centaur warrior
  7440 | D:9      | Noticed a boulder beetle
  7457 | D:9      | Killed a boulder beetle
  7527 | D:9      | Found a staircase to the Orcish Mines.
  7886 | D:9      | Noticed a brown ugly thing
  7898 | D:9      | Killed a brown ugly thing
  7926 | D:10     | Entered Level 10 of the Dungeon
  8111 | D:10     | Reached XP level 12. HP: 87/116 MP: 11/11
  8115 | D:10     | Noticed a two-headed ogre
  8130 | D:10     | Killed a two-headed ogre
  8226 | D:10     | Found a staircase to the Lair.
  8243 | Lair:1   | Entered Level 1 of the Lair of Beasts
  8338 | Lair:1   | Noticed Fannar
  8364 | Lair:1   | Killed Fannar
  8480 | Lair:1   | Identified the +7 mace "Fihuavod" {elec, Will++ rCorr
                  | Int+5}
  8540 | Lair:1   | Received a gift from Trog
  8830 | Lair:1   | Reached skill level 15 in Fighting
  9338 | Lair:2   | Noticed an eight-headed hydra
  9359 | Lair:2   | Killed an eight-headed hydra
  9360 | Lair:2   | Reached skill level 15 in Armour
  9453 | Lair:2   | Noticed a four-headed hydra
  9461 | Lair:2   | Killed a four-headed hydra
  9526 | Lair:2   | Noticed a death yak
  9539 | Lair:2   | Killed a death yak
  9540 | Lair:2   | Noticed a death yak
  9551 | Lair:2   | Killed a death yak
  9563 | Lair:2   | Noticed a death yak
  9579 | Lair:2   | Killed a death yak
  9580 | Lair:2   | Reached XP level 13. HP: 118/127 MP: 12/12
  9614 | Lair:2   | Reached skill level 15 in Maces & Flails
 10234 | Lair:3   | Found a staircase to the Swamp.
 10277 | Lair:3   | Found a hole to the Spider Nest.
 10557 | Lair:3   | Noticed Nergalle
 10567 | Lair:3   | Killed Nergalle
 11811 | Lair:5   | Entered Level 5 of the Lair of Beasts
 12372 | Lair:5   | Reached ****** piety under Trog
 12388 | Lair:5   | Reached XP level 14. HP: 130/140 MP: 13/13
 12458 | Lair:5   | Found a blossoming altar of Fedhas.
 12930 | Lair:5   | Slain by a snapping turtle

Illustrated notes

Levels and vault maps discovered:
D:1:      lordsloth_arrival_two_stooges, layout_loops_ring
D:2:      layout_basic, basic_altar, minmay_misc_feat_x
D:3:      layout_basic, mainiacjoe_overflow_catch_the_wave,
          minmay_fractal_squares_gapless_5, uniq_robin
D:4:      layout_basic, minmay_bisected, uniq_blork_the_orc, uniq_ijyb,
          uniq_pikel
D:5:      layout_rooms, grunt_temple_overflow_open
D:6:      layout_loops_cross, serial_shops, shop, shop, uniq_menkaure
D:7:      minmay_clustersquares, layout_basic, grunt_temple_overflow_opulence,
          riverfiend_overflow_shadow_ancestor, minmay_temple_entry_glassed_door,
          serial_shops, shop, shop, nicolae_take_the_stairs, shop, minivault_24,
          uniq_joseph, uniq_maggie
D:8:      minmay_opposing_rooms, layout_basic, marbit_many_paths, serial_glass,
          glass_columns_c, glass_columns_a, glass_columns_c, glass_columns_b,
          glass_columns_b, glass_columns_b, glass_columns_c, glass_columns_c,
          glass_columns_a, glass_columns_c, glass_columns_a, glass_columns_a,
          glass_columns_c, glass_columns_a, minmay_fractal_squares_diagonal_5
D:9:      layout_cave_pools, mainiacjoe_overflow_alcove_4, zombieorc2_lemuel,
          minmay_shattered_shrine
D:10:     layout_basic, minmay_lair_entry_grove
Temple:   nicolae_temple_two_arcs
Lair:1:   layout_roguey, enter_volcano_4, grunt_megastairs_2,
          serial_bayou_shore_b, uniq_fannar
Lair:2:   layout_gridlike, grunt_megastairs_4, lemuel_fruit_tree
Lair:3:   beast_lair_carwin_large_1, layout_regular_city,
          minmay_swamp_entry_reptiles, spider_nest_entry_a, uniq_nergalle
Lair:4:   layout_big_grid
Lair:5:   gammafunk_lair_ancient_temple, layout_layer_cave, slime_entry_1,
          minmay_lair_oklob_items, tgw_fedhas

Skill      XL: |  1  2  3  4  5  6  7  8  9 10 11 12 13 14 |
---------------+-------------------------------------------+-----
Axes           | 4 |  4.5
Fighting       | 4 5 6 7 8 10 12 13 15 17 | 17.3
Armour         | 3 4 5 6 8 10 11 13 15 16 17 | 17.1
Maces & Flails | 1 4 5 7 9 11 13 14 16 | 16.7
Dodging        | |  2.3

Action                     |  1- 3 |  4- 6 |  7- 9 | 10-12 | 13-15 || total
---------------------------+-------+-------+-------+-------+-------++-------
  Melee: Hand axe          |    78 |     7 |       |       |       ||    85
         Headbutt          |     6 |    12 |    44 |   129 |    69 ||   260
         Punch             |     1 |     1 |     3 |     5 |     6 ||    16
         Eveningstar       |       |    58 |   268 |   513 |   327 ||  1166
 Invoke: Berserk           |       |     1 |     3 |     8 |     6 ||    18
         Trog's Hand       |       |       |       |       |     1 ||     1
         Brothers in Arms  |       |       |       |       |     1 ||     1
  Evoke: Wand              |       |       |       |     9 |       ||     9
    Use: Potion            |       |       |       |       |     4 ||     4
   Stab: Paralysed         |       |       |       |     9 |       ||     9
         Distracted        |       |       |       |       |     1 ||     1
 Armour: Animal skin       |     2 |       |       |       |       ||     2
         Chain mail        |    26 |    28 |   135 |   198 |   288 ||   675
  Dodge: Dodged            |    37 |    32 |   162 |   312 |   179 ||   722
